 Dungeon Crawl Stone Soup version 0.31-a0-321-g19405a7a6a (webtiles) character file.

Game seed: 16325498108156689541

7 LeprechaunX the Changeling (level 2, 0/19 HPs)
             Began as an Octopode Shapeshifter on July 18, 2023.
             Slain by a jackal (3 damage)
             ... on level 1 of the Dungeon.
             The game lasted 00:00:12 (77 turns).

LeprechaunX the Changeling (Octopode Shapeshifter)    Turns: 77, Time: 00:00:12

Health: 0/19       AC:  1    Str: 14    XL:     2   Next: 4%
Magic:  2/2        EV: 13    Int: 10    God:
Gold:   3          SH:  0    Dex: 12    Spells: 1/1 levels left

rFire   . .          .
                       - Unarmed
rCold   . . .        (no shield)
rNeg    . . .        (helmet currently unavailable)
rPois   .            (no amulet)
rElec   .            (no ring)
rCorr   .            (no ring)
SInv    .            (no ring)
Will    .....        (no ring)
Stlth   ++           (no ring)
HPRegen 0.23/turn    (no ring)
MPRegen 0.08/turn    (no ring)
                     (no ring)

%: no passive effects
@: beast-form
A: beast (slay +2), almost no armour, amphibious, 8 rings, camouflage 1,
gelatinous body 1, (nimble swimmer 1), tentacles
a: Begin Untransformation


You were on level 1 of the Dungeon.
You were a hulking beast.
You visited 1 branch of the dungeon, and saw 1 of its levels.

You collected 3 gold pieces.

Inventory:

Talismans
 b - a beast talisman
Scrolls
 c - a scroll of identify {unknown}
Potions
 a - a potion of lignification


   Skills:
 + Level 2.1 Fighting
 + Level 2.1 Dodging
 * Level 2.2 Unarmed Combat
 * Level 3.1 Shapeshifting


You had one spell level left.
You didn't know any spells.
Your spell library was empty.

Dungeon Overview and Level Annotations

Branches:
Dungeon (1/15)

Altars:


Innate Abilities, Weirdness & Mutations

You are a hulking beast.
Your limbs bulge with bestial killing power. (Slay +2)
You cannot wear most types of armour.
You are amphibious.
You can wear up to eight rings at the same time.
Your skin changes colour to match your surroundings (Stealth+).
Your rubbery body absorbs attacks. (AC +1, EV +1)
((You are camouflaged when in or above water. (Stealth+)))
You have tentacles for arms and can constrict up to eight enemies at once.


Message History

A jackal comes into view.
Found 11 gold pieces.
You see here a scroll labelled DIQEGHO HEXZALI.
A jackal is nearby!
A jackal and a hobgoblin come into view.
The jackal barks!
You hear a bark!
A jackal comes into view.
You miss the jackal.
The jackal barks!
The hobgoblin shouts!
Your grab misses the jackal.
A jackal comes into view.
The jackal barely misses you.
You closely miss the jackal. You grab the jackal. You constrict the jackal.
The jackal misses you.
An endoplasm comes into view.
You barely miss the jackal. Your squeeze misses the jackal.
The jackal is lightly wounded.
You constrict the jackal. The jackal bites you. x2
The jackal closely misses you.
You tentacle-slap the jackal.
You kill the jackal!
The jackal closely misses you.
You tentacle-slap the hobgoblin. Your grab misses the hobgoblin.
Your squeeze misses the hobgoblin.
The hobgoblin is moderately wounded.
The jackal closely misses you. The hobgoblin completely misses you.
The jackal barely misses you.
You barely miss the hobgoblin. You grab the hobgoblin.
You squeeze the hobgoblin.
You kill the hobgoblin!
The jackal bites you but does no damage.
The jackal bites you. x2; The jackal closely misses you.
You have reached level 2!
You are too injured to fight recklessly!
You are too injured to fight recklessly!
You miss the jackal. You grab the jackal. You constrict the jackal.
The jackal bites you. x2
* * * LOW HITPOINT WARNING * * *
The jackal closely misses you. The jackal bites you.
You die...

..............##.....
..........).........
................######
......................
................#######
#..............?......#
########............$.#
######.#.......#
...$..†h......#
......hhh.....#
.......J.....$#
..............#
..............#
#......#......# #......
......# #...... ......#


You could see an endoplasm and 3 jackals.

Vanquished Creatures
  2 hobgoblins (D:1)
  A jackal (D:1)
  A kobold (D:1)
  A quokka (D:1)
  A bat (D:1)
6 creatures vanquished.

Notes
Turn   | Place    | Note
-------+----------+-------------------------------------------
     0 | D:1      | LeprechaunX the Octopode Shapeshifter began the quest for
                  | the Orb.
     0 | D:1      | Reached XP level 1. HP: 14/14 MP: 1/1
    77 | D:1      | Reached XP level 2. HP: 9/19 MP: 2/2
    77 | D:1      | Slain by a jackal

Illustrated notes

Levels and vault maps discovered:
D:1:      amcnicky_arrival_flooded_fountain, layout_basic

Action                     || total
---------------------------++-------
  Melee: Unarmed           ||    16
         Constrict         ||     7
         Tentacles         ||     2
   Stab: Sleeping          ||     1
 Armour: Skin              ||     2
  Dodge: Dodged            ||    16

Table legend: (Time is in decaauts)
 A = Elapsed time spent in this place.
 B = Non-inter-level travel time spent in this place.
 C = Inter-level travel time spent in this place.
 D = Time resting spent in this place.
 E = Time spent auto-exploring this place.
 F = Levels seen in this place.
 G = Mean time per level.
                   A        B        C        D        E       F      G
               +--------+--------+--------+--------+--------+-----+--------+
         Total |     76 |     76 |      0 |      0 |     41 |   1 |   76.0 |
       Dungeon |     76 |     76 |      0 |      0 |     41 |   1 |   76.0 |
               +--------+--------+--------+--------+--------+-----+--------+

Top non-repeatable levels by time:
     D:1: 76 daAuts
